 Dungeon Crawl Stone Soup version 0.22.1 (webtiles) character file.

182 MalarOregon the Skirmisher (level 5, 0/47 HPs)
             Began as a Hill Orc Fighter on Sept 17, 2018.
             Slain by an orc
             ... wielding a +0 mace of protection
              (6 damage)
             ... on level 3 of the Dungeon.
             The game lasted 00:02:36 (1506 turns).

MalarOregon the Skirmisher (Hill Orc Fighter)       Turns: 1506, Time: 00:02:37

Health: 0/47       AC:  8    Str: 19    XL:     5   Next: 61%
Magic:  5/5        EV:  8    Int:  9    God:
Gold:   163        SH:  9    Dex: 10    Spells: 4/4 levels left

rFire    . . .     SeeInvis .   a - +0 war axe
rCold    . . .     Gourm    .   c - +0 shield
rNeg     . . .     Faith    .   b - +0 scale mail
rPois    .         Spirit   .   (no helmet)
rElec    .         Reflect  .   (no cloak)
rCorr    .         Harm     .   o - +0 pair of gloves
MR       .....                  (no boots)
Stlth    ..........             (no amulet)
HPRegen  0.15/turn              (no ring)
MPRegen  0.09/turn              (no ring)

@: no status effects
A: no striking features
a: no special abilities


You were on level 3 of the Dungeon.
You were not hungry.

You visited 1 branch of the dungeon, and saw 3 of its levels.

You collected 163 gold pieces.

Inventory:

Hand Weapons
 a - a +0 war axe (weapon)
 h - a cursed -2 whip
   (You found it on level 1 of the Dungeon)
Armour
 b - a +0 scale mail (worn)
 c - a +0 shield (worn)
 o - a +0 pair of gloves (worn)
   (You found it on level 1 of the Dungeon)
 r - a +1 pair of gloves
   (You found it on level 2 of the Dungeon)
Scrolls
 f - a scroll of fog {unknown}
 i - a scroll of immolation {unknown}
 j - 2 scrolls of teleportation {unknown}
 k - a scroll of noise {unknown}
 m - 3 scrolls of identify {unknown}
 n - a scroll of remove curse {unknown}
 p - a scroll of enchant armour {unknown}
 q - a scroll of enchant weapon {unknown}
 s - 2 scrolls of amnesia {unknown}
Potions
 d - a potion of might
 l - a potion of curing {unknown}
Comestibles
 e - 4 rations {!d}
 g - 9 chunks of flesh


   Skills:
 + Level 4.5 Fighting
 + Level 4.1 Axes
 + Level 4.2 Armour
 + Level 1.6 Dodging
 + Level 4.1 Shields


You had 4 spell levels left.
You didn't know any spells.
Your spell library was empty.

Dungeon Overview and Level Annotations

Branches:
Dungeon (3/15)

Altars:
Ashenzari


Message History

The orc wizard casts a spell.
The orc wizard seems to speed up.
You block the orc wizard's attack.
The orc hits the withered plant but does no damage. x2
The orc wizard gestures at you while chanting.
You block the puff of flame. The orc wizard closely misses you.
Your shield and scale mail prevent you from hitting the orc wizard.
You barely miss the orc wizard. You block the orc wizard's attack.
The orc hits the withered plant but does no damage. x2
The orc wizard barely misses you.
The orc wizard hits you but does no damage.
You hit the orc wizard but do no damage.
Your shield and scale mail prevent you from hitting the orc wizard.
The orc hits the withered plant with a mace of protection.
The orc hits the withered plant but does no damage.
You block the orc wizard's attack. x2; The orc wizard hits you with a dagger.
You barely miss the orc wizard.
You hit the orc wizard but do no damage.
The orc completely misses the withered plant.
The orc hits the withered plant but does no damage.
The orc wizard hits you with a dagger. You block the orc wizard's attack.
The orc hits the withered plant but does no damage.
The orc wizard barely misses you. The orc wizard casts a spell at you.
The puff of frost hits you!
* * * LOW HITPOINT WARNING * * *
The orc hits the withered plant with a mace!
You closely miss the orc wizard. You hit the orc wizard.
You block the orc wizard's attack. The orc wizard hits you with a dagger.
* * * LOW HITPOINT WARNING * * *
The orc hits the withered plant but does no damage. x2
The orc wizard hits you but does no damage.
Some of the chunks of flesh in your inventory have rotted away.
You hit the orc wizard. x2
The orc wizard casts a spell at you. The puff of flame hits you!
* * * LOW HITPOINT WARNING * * *
The orc wizard hits you with a dagger.
* * * LOW HITPOINT WARNING * * *
The orc hits the withered plant but does no damage. x2
The orc wizard gestures at you while chanting.
The magic dart hits you!
* * * LOW HITPOINT WARNING * * *
You hit the orc wizard.
You kill the orc wizard!
You hit the orc wizard.
The orc hits the withered plant but does no damage.
You block the orc wizard's attack.
You hit the orc wizard. You barely miss the orc.
The orc hits you with a mace of protection.
You die...

##........####.#
..........'....#
..........######
......>........#
.............#.#
.........>...#
............#
..........(#
?......@####
.......ooo...#
........P......
........P.P..P.
.......P..P#.P.
........PP## P.
........... .
.#..........


You could see an orc wizard and 2 orcs.

Vanquished Creatures
  An orc priest (D:3)
  An orc wizard (D:3)
  3 gnolls (D:2)
  2 adders (D:2)
  4 dart slugs
  2 leopard geckos (D:1)
  An orc (D:3)
  9 bats
  2 giant cockroaches (D:2)
  11 hobgoblins
  2 jackals (D:2)
  7 frilled lizards
  11 goblins
  7 kobolds
  5 rats
68 creatures vanquished.

Notes
Turn   | Place    | Note
-------+----------+-------------------------------------------
     0 | D:1      | MalarOregon the Hill Orc Fighter began the quest for the
                  | Orb.
     0 | D:1      | Reached XP level 1. HP: 19/19 MP: 1/1
   203 | D:1      | Reached XP level 2. HP: 22/27 MP: 2/2
   398 | D:1      | Reached XP level 3. HP: 33/33 MP: 3/3
   922 | D:2      | Reached skill level 1 in Dodging
   925 | D:2      | Reached XP level 4. HP: 35/40 MP: 4/4
  1042 | D:2      | Found a shattered altar of Ashenzari.
  1332 | D:2      | Reached XP level 5. HP: 47/47 MP: 5/5
  1506 | D:3      | Slain by an orc

Skill      XL: |  1  2  3  4  5 |
---------------+----------------+-----
Axes           | 3 4 |  4.1
Fighting       | 4 |  4.5
Dodging        | 1 |  1.6
Armour         | 4 |  4.2
Shields        | 4 |  4.1

Action                   |  1- 3 |  4- 6 || total
-------------------------+-------+-------++-------
Melee: War axe           |    81 |   110 ||   191
  Eat: Chunk             |       |     2 ||     2
Armor: Scale mail        |    53 |    45 ||    98
Dodge: Dodged            |    20 |    53 ||    73
Block: Shield            |    70 |    66 ||   136
